 Dungeon Crawl Stone Soup version 0.29.1-15-g9cfb28693d (webtiles) character file.

Game seed: 3467473167623236321

16366 Amplified the Fighter (level 12, -23/100 HPs)
             Began as a Demonspawn Wanderer on Apr 29, 2023.
             Was a Priest of Ashenzari.
             Annihilated by a boulder beetle (42 damage)
             ... on level 1 of the Lair of Beasts.
             The game lasted 00:19:18 (13102 turns).

Amplified the Fighter (Demonspawn Wanderer)        Turns: 13102, Time: 00:19:18

Health: -23/100    AC: 10    Str: 17    XL:     12   Next: 9%
Magic:  22/22      EV: 18    Int: 25    God:    Ashenzari [***...]
Gold:   656        SH:  0    Dex: 13    Spells: 7/13 levels left

rFire   . . .      SeeInvis +   l - +9 war axe "Esoteric Ordeal" {flame, MP+9, Comp, Evo} (curse)
rCold   + . .      Faith    .   (no shield)
rNeg    + + .      Spirit   .   Q - +0 troll leather armour
rPois   .          Reflect  .   s - +1 helmet "Ruined Together" {Range, Elem} (curse)
rElec   .          Harm     .   (no cloak)
rCorr   +          Rampage  .   (gloves unavailable)
Will    .....      Clarity  +   C - +1 pair of boots of the Wild Blue Yonder {Alch, Bglg} (curse)
Stlth   +.........              R - amulet "Lekouss" {RegenMP rCorr}
HPRegen 1.06/turn               z - ring "Bound Together" {*Slow rC+ rN+ rCorr Int+5, Melee, Fort} (curse)
MPRegen 0.58/turn               j - ring "Ciqecs" {rN+ Int+6}

@: mighty, agile
A: repulsion field 1, foul stench 2, powered by pain 2, demonic touch 3
a: Renounce Religion, Shatter the Chains


You were on level 1 of the Lair of Beasts.
You worshipped Ashenzari.
Ashenzari was most pleased with you.
You visited 3 branches of the dungeon, and saw 13 of its levels.

You collected 683 gold pieces.
You spent 27 gold pieces at shops.

Inventory:

Hand Weapons
 a - a +0 dagger
 l - the cursed +9 war axe "Esoteric Ordeal" (weapon) {flame, MP+9, Comp, Evo}
   (You found it on level 2 of the Dungeon)

   It burns those it strikes, dealing additional fire damage.
   Big, fiery blades are also staple armaments of hydra-hunters.
   MP:        It affects your magic capacity (+9).
   It has a curse which improves the following skills: Companions: Summonings
   and Necromancy.
   Evocations: Evocations.
Missiles
 c - 33 poisoned darts
 x - 9 curare-tipped darts (quivered)
 G - a throwing net
Armour
 d - +0 steam dragon scales
 s - the cursed +1 helmet "Ruined Together" (worn) {Range, Elem}
   (You found it on level 3 of the Dungeon)

   It has a curse which improves the following skills: Ranged Combat: Ranged
   Weapons and Throwing.
   Elements:  Fire Magic, Ice Magic, Air Magic and Earth Magic.
 C - the cursed +1 pair of boots of the Wild Blue Yonder (worn) {Alch, Bglg}
   (You found it on level 7 of the Dungeon)

   It has a curse which improves the following skills: Alchemy: Poison Magic and
   Transmutations.
   Beguiling: Conjurations, Hexes and Translocations.
 Q - a +0 troll leather armour (worn)
Jewellery
 f - a ring of protection from fire
 g - the ring of Xom's Ringing Laughter {rF++ rC+ Will-}
   (You found it on level 6 of the Dungeon)

   [ring of protection from cold]

   rF:        It greatly protects you from fire.
   rC:        It protects you from cold.
   Will:      It decreases your willpower.
 j - the ring "Ciqecs" (right hand) {rN+ Int+6}
   (You acquired it on level 6 of the Dungeon)

   [ring of positive energy]

   Int:       It affects your intelligence (+6).
   rN:        It protects you from negative energy.
 q - a ring of wizardry
 z - the cursed ring "Bound Together" (left hand) {*Slow rC+ rN+ rCorr Int+5, Melee, Fort}
   (You found it on level 5 of the Dungeon)

   [ring of resist corrosion]

   Int:       It affects your intelligence (+5).
   rC:        It protects you from cold.
   rN:        It protects you from negative energy.
   rCorr:     It protects you from acid and corrosion.
   *Slow:     It may slow you when you take damage.
   It has a curse which improves the following skills: Melee Combat: Short
   Blades, Long Blades, Axes, Maces & Flails, Polearms, Staves and Unarmed
   Combat.
   Fortitude: Armour and Shields.
 B - a ring of poison resistance
 D - a +4 ring of evasion
 E - a ring of protection from cold
 O - a ring of ice
 R - the amulet "Lekouss" (around neck) {RegenMP rCorr}
   (You found it on level 11 of the Dungeon)

   [amulet of magic regeneration]

   It increases your rate of magic regeneration.
   rCorr:     It protects you from acid and corrosion.
Wands
 y - a wand of flame (18)
 I - a wand of digging (6)
 N - a wand of charming (5)
 P - a wand of quicksilver (4)
Scrolls
 e - 2 scrolls of amnesia
 m - 2 scrolls of magic mapping
 r - 4 scrolls of enchant weapon
 t - 3 scrolls of butterflies
 u - a scroll of silence
 A - a scroll of immolation
 F - a scroll of brand weapon
 H - a scroll of torment
 M - a scroll of teleportation
Potions
 i - a potion of curing
 k - 3 potions of magic
 o - 2 potions of might
 p - 2 potions of attraction
 v - 2 potions of lignification
 w - a potion of brilliance
 J - a potion of resistance
 K - a potion of ambrosia
 L - a potion of haste
 S - 2 potions of flight


   Skills:
 * Level 11.1 Fighting
 * Level 9.7(11.3) Axes
 - Level 1.0(1.9) Throwing
 + Level 6.7(8.3) Armour
 - Level 2.6(4.0) Unarmed Combat
 - Level 1.0 Spellcasting
 * Level 10.7(12.2) Summonings
 - Level 1.7(2.9) Translocations
 - Level 1.0(2.0) Evocations


You had 7 spell levels left.
You knew the following spells:

 Your Spells              Type           Power      Damage    Failure   Level
a - Apportation           Tloc           32%        N/A       4%          1
b - Call Imp              Summ           58%        N/A       1%          2
c - Call Canine Familiar  Summ           58%        N/A       1%          3

Your spell library contained the following spells:

 Spells                   Type           Power      Damage    Failure   Level
 Beastly Appendage        Tmut           4%         N/A       13%         1
 Foxfire                  Conj/Fire      8%         2x1d4     13%         1
 Magic Dart               Conj           8%         1d3       13%         1
 Ensorcelled Hibernation  Hex/Ice        4%         N/A       21%         2
 Wereblood                Tmut           2%         N/A       21%         2
 Portal Projectile        Hex/Tloc       18%        N/A       22%         3
 Conjure Flame            Conj/Fire      2%         6-21      36%         3
 Inner Flame              Hex/Fire       2%         N/A       36%         3
 Mephitic Cloud           Conj/Pois/Air  2%         N/A       36%         3
 Spider Form              Tmut/Pois      2%         N/A       36%         3
 Anguish                  Hex/Necr       1%         N/A       78%         4
 Flame Wave               Conj/Fire      2%         2d4       78%         4
 Leda's Liquefaction      Hex/Erth       1%         N/A       78%         4


Dungeon Overview and Level Annotations

Branches:
Dungeon (11/15)            Temple (1/1) D:6            Lair (1/5) D:10
    Orc (0/2) D:9

Altars:
Ashenzari
Cheibriados
Dithmenos
Fedhas
Gozag
Hepliaklqana
Makhleb
Nemelex Xobeh
Okawaru
Qazlal
Ru
Sif Muna
Trog
Uskayaw
Vehumet
Wu Jian
Xom
Yredelemnul

Shops:
D:3 *

Annotations:
D:8 exclusion: ice statue


Innate Abilities, Weirdness & Mutations

You are surrounded by a mild repulsion field. (EV +2)
You sometimes emit foul miasma when damaged in melee.
You sometimes gain power by taking damage.
Your touch may irresistibly damage your foes and sap their willpower.


Message History

The boulder beetle curls into a ball and begins rolling!
You completely miss the komodo dragon.
You touch the komodo dragon!
You sap its willpower!
The komodo dragon is moderately wounded.
The komodo dragon bites you!
You hit the komodo dragon. You burn the komodo dragon.
You touch the komodo dragon.
You sap its willpower!
You punch the komodo dragon, but do no damage.
The komodo dragon is heavily wounded.
The komodo dragon bites you!!
You hit the komodo dragon. You burn the komodo dragon.
Your punch misses the komodo dragon.
The komodo dragon is heavily wounded.
The komodo dragon bites you!
You focus on the pain.
You feel agile all of a sudden.
As you read the scroll of teleportation, it crumbles to dust.
You feel strangely unstable. The komodo dragon closely misses you.
The boulder beetle hits you!!!
Ouch! That really hurt!
* * * LOW HITPOINT WARNING * * *
You focus on the pain.
You feel very mighty all of a sudden.
The boulder beetle stops rolling and uncurls.
You hear an angry hiss.
You feel much better. The komodo dragon closely misses you.
The boulder beetle bites you!!
* * * LOW HITPOINT WARNING * * *
Unknown command.
The boulder beetle attacks as you move away!
The boulder beetle closely misses you.
Your surroundings seem slightly different.
The boulder beetle curls into a ball and begins rolling!
Okay, then.
A water moccasin comes into view.
A komodo dragon comes into view.
The water moccasin hisses angrily.
As you read the scroll of summoning, it crumbles to dust.
Wisps of shadow whirl around you... The komodo dragon bites your basilisk.
The boulder beetle hits you!!!
You die...

* ,...................
** ,*#######.###.#..####
,,* ### ###†..# #...##
*,* ##..P# * #..## , ###
### #..# # *
##.###.######.###..#..#
* *
#...l.@Bl.°.......††...
,
........l○°.............
...####F................
. #S###.######......
#.#.>..#* #...... *
#l......#* P...... *
*....8....# ....... , ,
..##.#....,#...... , *


You could see a boulder beetle (rolling), 2 komodo dragons, a water moccasin, a
friendly komodo dragon (summoned), a friendly basilisk (summoned) and a friendly
bullfrog (summoned).

Vanquished Creatures
  A two-headed ogre (D:10)
  Sonja (D:10)
  Pikel (D:6)
  2 manticores
  A black mamba (Lair:1)
  Maurice (D:8)
  A komodo dragon (Lair:1)
  2 kobold demonologists (D:11)
  3 trolls (D:11)
  Grinder (D:5)
  A wyvern (D:6)
  38 yaks
  A wraith (D:10)
  4 acid dragons
  4 water moccasins
  4 orc warriors
  Duvessa (D:6)
  2 ice beasts
  A sky beast (D:6)
  2 black bears (D:10)
  An ogre (D:10)
  4 centaurs
  2 wolves (Lair:1)
  A phantom (D:4)
  6 kobold brigands
  A necrophage (D:8)
  5 bullfrogs
  4 scorpions
  2 gnoll sergeants
  13 wights
  Dowan (D:6)
  9 killer bees (D:10)
  4 hounds
  3 jellies
  4 orc priests
  Ijyb (D:5)
  An iguana (D:6)
  9 orc wizards
  17 gnolls
  5 adders
  3 shadow imps
  2 white imps (D:6)
  2 ufetubi (D:4)
  3 dart slugs
  40 orcs
  10 ball pythons
  8 endoplasms
  2 giant cockroaches (D:2)
  5 goblins
  3 hobgoblins (D:1)
  13 jackals
  3 quokkas
  5 bats
  23 kobolds
  4 rats
291 creatures vanquished.

Vanquished Creatures (collateral kills)
  A cane toad (Lair:1)
  A wolf (Lair:1)
2 creatures vanquished.

Vanquished Creatures (others)
  A wolf (Lair:1)
  A killer bee (D:10)
  56 fungi
  42 plants
100 creatures vanquished.

Grand Total: 393 creatures vanquished

Notes
Turn   | Place    | Note
-------+----------+-------------------------------------------
     0 | D:1      | Amplified the Demonspawn Wanderer began the quest for the
                  | Orb.
     0 | D:1      | Amplified set off with the following items: a +0 dagger, a
                  | scroll of blinking, 13 poisoned darts, a scroll of fear, a
                  | potion of haste, a +0 robe; and the following spell
                  | memorised: Apportation; and the following spells available
                  | to memorise: Portal Projectile.
     0 | D:1      | Reached XP level 1. HP: 16/16 MP: 2/2
   560 | D:1      | Gained mutation: Your touch may inflict minor irresistible
                  | damage on your foes. [demonic ancestry]
   560 | D:1      | Reached XP level 2. HP: 14/23 MP: 3/3
   984 | D:1      | Reached skill level 3 in Fighting
  1239 | D:1      | Reached skill level 1 in Armour
  1260 | D:1      | Gained mutation: You sometimes gain a little power by
                  | taking damage. [demonic ancestry]
  1260 | D:1      | Reached XP level 3. HP: 25/29 MP: 4/4
  1625 | D:2      | Found a faded altar of an unknown god.
  1655 | D:2      | Found a sparkling altar of Nemelex Xobeh.
  1910 | D:2      | Learned a level 2 spell: Call Imp
  1985 | D:2      | Identified the +9 war axe "Pioskyun" {flame, MP+9}
  2180 | D:3      | Found Cideongiho's Assorted Antiques.
  2356 | D:3      | Bought a scroll labelled GOREIF SOPUOMM for 27 gold pieces
  2396 | D:3      | Reached XP level 4. HP: 35/35 MP: 5/5
  2434 | D:3      | Reached skill level 1 in Summonings
  2514 | D:3      | Reached skill level 1 in Axes
  2984 | D:4      | Found a blossoming altar of Fedhas.
  3073 | D:4      | Noticed a scorpion
  3080 | D:4      | Killed a scorpion
  3081 | D:4      | Reached skill level 4 in Fighting
  3081 | D:4      | Reached XP level 5. HP: 30/42 MP: 6/6
  3348 | D:4      | Found a hazy altar of Hepliaklqana.
  3510 | D:4      | Noticed a phantom
  3514 | D:4      | Killed a phantom
  3515 | D:4      | Gained mutation: You are surrounded by a mild repulsion
                  | field. (EV +2) [demonic ancestry]
  3515 | D:4      | Reached XP level 6. HP: 49/49 MP: 7/7
  3851 | D:4      | Learned a level 3 spell: Call Canine Familiar
  3921 | D:5      | Entered Level 5 of the Dungeon
  3971 | D:5      | Found an iron altar of Okawaru.
  4017 | D:5      | Noticed Grinder
  4153 | D:6      | Noticed Pikel
  4167 | D:6      | Killed Pikel
  4168 | D:6      | Reached skill level 5 in Fighting
  4168 | D:6      | Gained mutation: You may rarely emit foul miasma when
                  | damaged in melee. [demonic ancestry]
  4168 | D:6      | Reached XP level 7. HP: 37/56 MP: 8/8
  4436 | D:6      | Noticed Duvessa
  4438 | D:6      | Found a staircase to the Ecumenical Temple.
  4438 | D:6      | Noticed Dowan
  4449 | D:6      | Killed Duvessa
  4450 | D:6      | Gained mutation: Your touch may inflict irresistible damage
                  | on your foes. [demonic ancestry]
  4450 | D:6      | Reached XP level 8. HP: 43/64 MP: 9/9
  4493 | D:6      | Killed Dowan
  4537 | Temple   | Entered the Ecumenical Temple
  4747 | Temple   | Became a worshipper of Ashenzari the Shackled
  4813 | D:6      | Identified a scroll of acquirement
  4813 | D:6      | Acquired the ring "Ciqecs" {rN+ Int+6}
  4873 | D:6      | Reached skill level 6 in Fighting
  4895 | D:6      | Reached skill level 5 in Summonings
  5351 | D:6      | Reached skill level 5 in Axes
  5577 | D:6      | Identified the ring of Xom's Ringing Laughter {rF++ rC+
                  | Will-}
  5987 | D:5      | Noticed Ijyb
  6093 | D:5      | Killed Ijyb
  6094 | D:5      | Reached XP level 9. HP: 45/71 MP: 10/10
  6150 | D:5      | Noticed Blork the orc
  6317 | D:5      | Killed Grinder
  6318 | D:5      | Reached skill level 7 in Fighting
  6409 | D:5      | Noticed Blork
  6409 | D:5      | Blork the orc changed into Blork the scorpion
  6412 | D:5      | Killed Blork the scorpion
  6436 | D:5      | Identified the ring "Keopp" {*Slow rC+ rN+ rCorr Int+5}
  7862 | D:8      | Reached * piety under Ashenzari
  7883 | D:8      | Noticed a manticore
  7893 | D:8      | Killed a manticore
  7894 | D:8      | Reached skill level 8 in Fighting
  8058 | D:8      | Noticed Maurice
  8307 | D:8      | Noticed an ice devil
  8307 | D:8      | Noticed an ice devil
  8598 | D:8      | Noticed an ice devil
  8599 | D:8      | Noticed an ice devil
  8599 | D:8      | Noticed an ice devil
  8600 | D:8      | Noticed an ice statue
  8898 | D:8      | Reached ** piety under Ashenzari
  8957 | D:8      | Noticed an ice devil
  8964 | D:8      | Killed Maurice
  8965 | D:8      | Gained mutation: Your touch may irresistibly damage your
                  | foes and sap their willpower. [demonic ancestry]
  8965 | D:8      | Reached XP level 10. HP: 41/82 MP: 11/11
  9609 | D:8      | Found an opulent altar of Gozag.
  9893 | D:9      | Reached skill level 5 in Armour
  9956 | D:9      | Reached skill level 9 in Fighting
 10291 | D:9      | Found a snail-covered altar of Cheibriados.
 10330 | D:9      | Found a staircase to the Orcish Mines.
 10626 | D:10     | Entered Level 10 of the Dungeon
 11030 | D:10     | Noticed a two-headed ogre
 11040 | D:10     | Killed a two-headed ogre
 11041 | D:10     | Gained mutation: You sometimes gain power by taking damage.
                  | [demonic ancestry]
 11041 | D:10     | Reached XP level 11. HP: 78/90 MP: 12/12
 11059 | D:10     | Found a staircase to the Lair.
 11188 | D:10     | Noticed Sonja
 11196 | D:10     | Killed Sonja
 11427 | D:10     | Reached skill level 10 in Fighting
 11832 | D:10     | Reached *** piety under Ashenzari
 12122 | D:11     | Noticed a skeletal warrior
 12122 | D:11     | Noticed a skeletal warrior
 12415 | D:11     | Noticed a death knight
 12416 | D:11     | Noticed a wolf spider
 12433 | D:11     | Identified the amulet "Lekouss" {RegenMP rCorr}
 12483 | D:11     | Reached skill level 10 in Summonings
 12626 | D:11     | Noticed a skeletal warrior
 12768 | Lair:1   | Entered Level 1 of the Lair of Beasts
 12882 | Lair:1   | Reached skill level 11 in Fighting
 12889 | Lair:1   | Gained mutation: You sometimes emit foul miasma when
                  | damaged in melee. [demonic ancestry]
 12889 | Lair:1   | Reached XP level 12. HP: 40/100 MP: 13/13
 13091 | Lair:1   | Noticed a boulder beetle
 13095 | Lair:1   | HP: 1/100 [boulder beetle (53)]
 13102 | Lair:1   | Annihilated by a boulder beetle

Illustrated notes

Levels and vault maps discovered:
D:1:      onia_arrival_mini_maze, layout_basic
D:2:      layout_rooms, basic_altar, chequers_ecumenical_altar_simple,
          hangedman_decor_clover_reticule
D:3:      layout_rooms, serial_shops, nicolae_shop_overgrown_old_shop,
          kennysheep_cross_bottleneck
D:4:      layout_basic, amcnicky_altar_gilded, mainiacjoe_overflow_boulevard,
          hangedman_decor_diamond_cutter
D:5:      layout_cave_pools, okawaru_trees_1, uniq_grinder, uniq_blork_the_orc,
          uniq_ijyb
D:6:      layout_loops_ring, minmay_temple_entry_overgrown, serial_bayou_pond_d,
          uniq_duvessa, uniq_pikel
D:7:      layout_basic
D:8:      cheibrodos_frozen_isle, layout_loops_corners,
          nicolae_gozag_cash_rules_everything_around_me,
          kennysheep_vampire_church, kennysheep_another_room, uniq_maurice
D:9:      layout_rooms, cheibriados_altar_2, orc_0_dummy
D:10:     layout_loops_ring, due_lair_maze_entry_diamond, grunt_ogre_cave,
          hangedman_abyss_or_decor_clamps, uniq_sonja
D:11:     layout_roguey, lightli_corner_chamber
Temple:   lightli_temple_of_artemis
Lair:1:   gammafunk_boulding_lane, layout_small_grid, grunt_megastairs_5

Skill      XL: |  1  2  3  4  5  6  7  8  9 10 11 |
---------------+----------------------------------+-----
Fighting       | 3 4 5 6 8 9 11 | 11.1
Armour         | 1 2 3 4 5 6 |  6.7
Summonings     | 2 4 6 7 9 10 | 10.7
Axes           | 1 2 3 4 5 6 8 9 |  9.7
Throwing       | |  1.0
Unarmed Combat | |  2.6
Spellcasting   | |  1.0
Translocations | |  1.7
Evocations     | |  1.0

Action                   |  1- 3 |  4- 6 |  7- 9 | 10-12 || total
-------------------------+-------+-------+-------+-------++-------
Melee: Dagger            |   125 |       |     1 |       ||   126
       Touch             |    15 |     9 |    21 |    48 ||    93
       Punch             |     2 |       |     5 |     8 ||    15
       War axe           |    21 |    64 |   191 |   285 ||   561
       Unarmed           |       |       |     1 |       ||     1
Throw: Dart              |     5 |       |     4 |     2 ||    11
Invok: Curse Item        |       |       |     3 |     1 ||     4
Evoke: Wand              |       |     2 |    15 |     7 ||    24
  Use: Scroll            |     2 |     7 |    11 |     4 ||    24
       Potion            |       |       |     8 |     5 ||    13
Armor: Robe              |    10 |       |       |       ||    10
       Ring mail         |    47 |    16 |    23 |       ||    86
       Steam dragon scal |       |       |    34 |    47 ||    81
       Troll leather arm |       |       |       |    29 ||    29
Dodge: Dodged            |    88 |    32 |   130 |   168 ||   418
